 Dungeon Crawl Stone Soup version 0.21.1-1-g345015fe64 (webtiles) character file.

219 Nattfarinn the Conjurer (level 5, -2/28 HPs)
             Began as a Deep Elf Conjurer on May 6, 2018.
             Slain by Mrkan's ghost (6 damage)
             ... on level 3 of the Dungeon.
             The game lasted 00:08:30 (3379 turns).

Nattfarinn the Conjurer (Deep Elf Conjurer)         Turns: 3379, Time: 00:08:30

Health: -2/28      AC:  2    Str:  5    XL:     5   Next: 63%
Magic:  13/14      EV: 14    Int: 21    God:
Gold:   90         SH:  0    Dex: 15    Spells: 3/13 levels left

rFire    . . .     SeeInvis .   p - +1 dagger (freeze)
rCold    . . .     Gourm    .   (no shield)
rNeg     . . .     Faith    .   a - +0 robe
rPois    .         Spirit   .   (no helmet)
rElec    .         Reflect  .   (no cloak)
rCorr    .         Harm     .   (no gloves)
MR       .....                  (no boots)
Stlth    ++........             (no amulet)
HPRegen  0.09/turn              (no ring)
MPRegen  0.14/turn              (no ring)

@: no status effects
A: no striking features
a: no special abilities


You were on level 3 of the Dungeon.
You were not hungry.

You visited 1 branch of the dungeon, and saw 3 of its levels.

You collected 90 gold pieces.

Inventory:

Hand Weapons
 p - a +1 dagger of freezing (weapon)
Armour
 a - a +0 robe (worn)
Scrolls
 d - 4 scrolls of identify {unknown}
 e - 2 scrolls of fear {unknown}
 j - 2 scrolls of magic mapping {unknown}
 l - a scroll of immolation {unknown}
 m - a scroll of remove curse {unknown}
 n - 2 scrolls of random uselessness {unknown}
Potions
 g - a potion of agility
 h - 2 potions of haste {unknown}
 o - a potion of degeneration {unknown}
Books
 b - a book of Conjurations

   Spells                             Type                      Level
   a - Magic Dart                     Conjuration                  1
   b - Searing Ray                    Conjuration                  2
   c - Dazzling Spray                 Conjuration/Hexes            3
   d - Fulminant Prism                Conjuration/Hexes            4
   e - Force Lance                    Conjuration/Translocation    4
   f - Iskenderun's Mystic Blast      Conjuration                  4
Comestibles
 c - 4 rations
 f - 3 chunks of flesh


   Skills:
 + Level 4.1 Dodging
 - Level 2.4 Stealth
 + Level 4.7 Spellcasting
 * Level 6.2 Conjurations


You had 3 spell levels left.
You knew the following spells:

 Your Spells              Type           Power        Failure   Level  Hunger
a - Magic Dart            Conj           ####         1%          1    None
b - Searing Ray           Conj           ####..       1%          2    None
c - Iskenderun's Mystic   Conj           ####....     9%          4    ####...
d - Dazzling Spray        Conj/Hex       ###...       10%         3    ##.....


Dungeon Overview and Level Annotations

Branches:
Dungeon (3/15)

Altars:
Elyvilon
The Shining One

Annotations:
D:3 Mrkan's ghost, amateur MiFi


Message History

Aiming: Searing Ray
Press: ? - help, Shift-Dir - straight line, f/p - Mrkan's ghost
Aim: Mrkan's ghost The searing ray hits Mrkan's ghost. (Press . to maintain the ray.)
The searing ray misses Mrkan's ghost.
The searing ray hits Mrkan's ghost.
Mrkan's ghost is moderately damaged.
The searing ray hits Mrkan's ghost.
Mrkan's ghost is heavily damaged.
You finish channeling your searing ray.
Mrkan's ghost hits you! Mrkan's ghost closely misses you.
Mrkan's ghost hits you! Mrkan's ghost hits you!
* * * LOW HITPOINT WARNING * * *
Mrkan's ghost hits you.
* * * LOW HITPOINT WARNING * * *
Some of the chunks of flesh in your inventory have rotted away.
Mrkan's ghost hits you.
You die...

#..........##.......#...#
.....#
#######.#####.###.#.#...#
#.......#.........#
#.............##..#
########.#####.###.#.# .#
...............# #.#.# #
.#.....#.#####.# #.#..#.#
.#.###.#.# ##.###.#...# .#.#
#.#.# #..W@.....## .#.# #.#.#
#..###.#..# ...# #.#.# #..#
#....... #### #.#.#
#..########## ####### #.#.#
#......... ....... ######.#.#
#.###.###############
.........# #.###.......รท...#
#
######.######.....#########.#
# ..................# #.# #


You could see Mrkan's ghost.

Vanquished Creatures
  A crimson imp (D:3)
  An iguana (D:3)
  Natasha (D:3)
  6 adders
  An ooze (D:1)
  An adder skeleton (D:3)
  4 worms
  2 dart slugs
  3 giant cockroaches
  8 goblins
  9 hobgoblins
  2 jackals (D:1)
  5 kobolds
  2 quokkas
  4 bats
  4 frilled lizards
  4 rats
58 creatures vanquished.

Notes
Turn   | Place    | Note
-------+----------+-------------------------------------------
     0 | D:1      | Nattfarinn the Deep Elf Conjurer began the quest for the Orb.
     0 | D:1      | Reached XP level 1. HP: 10/10 MP: 6/6
   366 | D:1      | Reached XP level 2. HP: 15/15 MP: 5/8
   975 | D:2      | Reached skill level 5 in Conjurations
   979 | D:2      | Reached XP level 3. HP: 19/19 MP: 1/10
  1050 | D:2      | Learned a level 2 spell: Searing Ray
  1145 | D:2      | Found a white marble altar of Elyvilon.
  1378 | D:2      | Found a glowing golden altar of the Shining One.
  2020 | D:3      | Noticed Mrkan's ghost (amateur MiFi)
  2252 | D:3      | Noticed Natasha
  2263 | D:3      | Killed Natasha
  2263 | D:3      | Reached XP level 4. HP: 24/24 MP: 8/12
  2365 | D:3      | Learned a level 4 spell: Iskenderun's Mystic Blast
  2752 | D:3      | Learned a level 3 spell: Dazzling Spray
  2841 | D:3      | Reached XP level 5. HP: 18/28 MP: 4/13
  2979 | D:3      | Reached skill level 6 in Conjurations
  3350 | D:3      | HP: 1/28 [Mrkan's ghost (3)]
  3379 | D:3      | Slain by Mrkan's ghost

Skill      XL: |  1  2  3  4  5 |
---------------+----------------+-----
Conjurations   | 5 6 |  6.2
Dodging        | 3 4 |  4.1
Spellcasting   | 4 |  4.7
Stealth        | |  2.4

Action                   |  1- 3 |  4- 6 || total
-------------------------+-------+-------++-------
Melee: Unarmed           |     4 |       ||     4
 Cast: Magic Dart        |    68 |    61 ||   129
       Searing Ray       |     6 |     3 ||     9
       Iskenderun's Myst |       |     3 ||     3
       Dazzling Spray    |       |     1 ||     1
  Use: Potion            |     1 |       ||     1
  Eat: Chunk             |     4 |     4 ||     8
Armor: Robe              |     1 |       ||     1
Dodge: Dodged            |     8 |     3 ||    11
